 Dungeon Crawl Stone Soup version 0.27-a0-1200-g94dc6ad4cf (webtiles) character file.

Game seed: 7830455867707751948

4438 robertstho the Cleaver (level 10, -4/92 HPs)
             Began as a Deep Dwarf Fighter on June 1, 2021.
             Slain by an orc warrior
             ... wielding a +0 war axe
              (18 damage)
             ... on level 8 of the Dungeon.
             The game lasted 00:10:27 (5279 turns).

robertstho the Cleaver (Deep Dwarf Fighter)         Turns: 5279, Time: 00:10:27

Health: -4/92      AC: 13    Str: 23    XL:     10   Next: 14%
Magic:  1/1        EV: 16    Int:  9    God:
Gold:   24         SH:  0    Dex: 12    Spells: 9/9 levels left

rFire    + . .     SeeInvis .   y - +2 battleaxe
rCold    x . .     Faith    .   (shield currently unavailable)
rNeg     . . .     Spirit   .   b - +0 scale mail
rPois    .         Reflect  .   (no helmet)
rElec    .         Harm     .   z - +2 cloak
rCorr    .         Rampage  .   x - +0 pair of gloves
Will     +....                  (no boots)
Stlth    ..........             (no amulet)
HPRegen  0.00/turn              j - +4 ring of evasion
MPRegen  0.07/turn              a - ring of fire

@: about to teleport, on berserk cooldown, slowed, very slow
A: damage resistance, heal wounds, sense surroundings 2, no regeneration
a: Heal Wounds


You were on level 8 of the Dungeon.
You visited 1 branch of the dungeon, and saw 8 of its levels.
You also visited: Ossuary.

You collected 307 gold pieces.
You spent 283 gold pieces at shops.

Inventory:

Hand Weapons
 s - a +4 war axe
 y - a +2 battleaxe (weapon)
Missiles
 m - a throwing net
Armour
 b - a +0 scale mail (worn)
 c - a +0 kite shield
 l - a +2 leather armour of cold resistance
 x - a +0 pair of gloves (worn)
 z - a +2 cloak (worn)
Jewellery
 a - a ring of fire (right hand)
 j - a +4 ring of evasion (left hand)
 u - a ring of positive energy
 H - a +6 ring of dexterity
Wands
 d - a wand of flame (20)
 v - a wand of iceblast (5)
 w - a wand of charming (4)
Scrolls
 f - a scroll of immolation
 g - a scroll of enchant weapon {unknown}
 h - 3 scrolls of teleportation
 i - 2 scrolls of enchant armour
 k - 3 scrolls of magic mapping
 n - a scroll of noise {unknown}
 o - a scroll of amnesia {unknown}
 p - a scroll of vulnerability {unknown}
 r - 2 scrolls of fog {unknown}
 G - a scroll of identify
 I - a scroll of blinking {unknown}
Potions
 e - 2 potions of curing
 q - 3 potions of flight
 t - a potion of mutation
 A - a potion of berserk rage
 C - 2 potions of lignification
 D - a potion of brilliance {unknown}
 E - a potion of invisibility {unknown}
 F - a potion of resistance


   Skills:
 * Level 6.4 Fighting
 + Level 9.5 Axes
 * Level 8.5 Armour
 * Level 6.3 Dodging
 + Level 5.9 Shields
 + Level 0.1 Evocations


You had 9 spell levels left.
You didn't know any spells.
Your spell library contained the following spells:

 Spells                   Type           Power      Damage    Failure   Level
 Foxfire                  Conj/Fire      0%         2x1d4     65%         1
 Sandblast                Erth           0%         2d4       65%         1
 Ensorcelled Hibernation  Hex/Ice        0%         N/A       80%         2
 Conjure Flame            Conj/Fire      0%         6-21      95%         3
 Inner Flame              Hex/Fire       0%         N/A       95%         3
 Tukima's Dance           Hex            0%         N/A       95%         3
 Fulminant Prism          Conj/Hex       0%         3d6       100%        4
 Sticky Flame             Conj/Fire      0%         2d3       100%        4
 Fireball                 Conj/Fire      0%         3d3       100%        5
 Discord                  Hex            0%         N/A       100%        8


Dungeon Overview and Level Annotations

Branches:
Dungeon (8/15)             Temple (0/1) D:6            Lair (0/6) D:8
Ossuary (visited)

Altars:
Hepliaklqana
Makhleb
Ru
Sif Muna
Wu Jian

Shops:
D:1 *   D:8 !


Innate Abilities, Weirdness & Mutations

You are resistant to damage.
You can heal yourself by infusing magical energy.
You passively map the area around you.
You do not regenerate.


Message History

You feel much better. The orc warrior barely misses you.
The orc warrior hits you but does no damage.
You feel better.
The orc warrior hits you but does no damage.
You feel better. The orc warrior closely misses you.
The komodo dragon bites you.
The orc warrior hits you with a +0 war axe!
You feel better.
The komodo dragon bites you but does no damage.
The orc warrior completely misses you. The komodo dragon misses you.
Unknown command.
You hit the komodo dragon but do no damage.
You slash the orc warrior!
The orc warrior hits you with a +0 war axe.
The komodo dragon bites you!! The orc warrior misses you.
You closely miss the komodo dragon. You hit the orc warrior.
The komodo dragon closely misses you.
The orc warrior hits you with a +0 war axe!
The komodo dragon bites you!
* * * LOW HITPOINT WARNING * * *
The orc warrior hits you but does no damage.
Unknown command.
You feel better. The komodo dragon bites you!
* * * LOW HITPOINT WARNING * * *
The orc warrior hits you with a +0 war axe!
* * * LOW HITPOINT WARNING * * *
The komodo dragon completely misses you.
You feel better.
The orc warrior hits you with a +0 war axe.
* * * LOW HITPOINT WARNING * * *
The komodo dragon bites you but does no damage.
The orc warrior completely misses you.
The orc wizard gestures at itself while chanting.
The orc wizard flickers and vanishes!
Deactivating autopickup; reactivate with Ctrl-A.
As you read the scroll labelled VOMEZEDEMP, it crumbles to dust.
You feel strangely unstable.
It was a scroll of teleportation.
The komodo dragon bites you but does no damage.
The orc warrior hits you with a +0 war axe!!
You die...

.# #####.# ** * * .#
#.....## # ,
)#####.###..######.#
.......##..........###
.#...........#........
...#.......#...######.
.....#...#.....### * *
.......#.......l.# *
.......#.......#@# *#. ,
.....#...#..[..#o# *#...
...#.......#...){#* .....
*
.#...........#..)##..P...
,,,
,.......#......)......l..
, , ,
###.........o.o.>,,,, ,
..#,...............o...,
,
#.......(..##..##......,
* #.##...#### #...##.....
, *,


You could see a komodo dragon and an orc warrior.

Vanquished Creatures
  Joseph (D:8)
  A gargoyle (D:7)
  2 hornets
  A wyvern (D:7)
  2 wargs (D:8)
  Duvessa (D:5)
  An ice beast (D:6)
  A black bear (D:6)
  A sky beast (D:7)
  5 ogres
  A phantom (D:6)
  Blork the orc (D:5)
  2 wyvern zombies (Ossuary)
  2 scorpions
  A bullfrog (D:6)
  Dowan (D:5)
  A water moccasin zombie (Ossuary)
  A water moccasin skeleton (D:5)
  3 wights (D:7)
  5 bullfrog zombies
  7 centaur zombies
  A jelly (D:7)
  4 hounds
  2 orc priests
  Crazy Yiuf (D:7)
  Ijyb (D:5)
  A gnoll shaman (D:4)
  Natasha (thrice) (D:3)
  5 iguanas
  9 orc wizards
  A hound zombie (D:4)
  A hound skeleton (D:4)
  10 mummies (Ossuary)
  2 howler monkey zombies
  A howler monkey skeleton (D:7)
  3 gnolls (D:4)
  3 adders
  A shadow imp (D:6)
  An ufetubus (D:5)
  An adder skeleton (D:4)
  3 worms
  2 dart slugs
  29 orcs
  A bat (D:3)
  8 endoplasms
  2 giant cockroaches
  4 goblins
  5 hobgoblins
  8 jackals
  5 kobolds
  2 quokkas (D:3)
  6 ball pythons
  2 frilled lizards
  2 rats
171 creatures vanquished.

Vanquished Creatures (others)
  A hound zombie (D:5)
  A plant (D:8)
  6 withered plants (Ossuary)
8 creatures vanquished.

Grand Total: 179 creatures vanquished

Notes
Turn   | Place    | Note
-------+----------+-------------------------------------------
     0 | D:1      | robertstho the Deep Dwarf Fighter began the quest for the
                  | Orb.
     0 | D:1      | Reached XP level 1. HP: 20/20 MP: 1/1
    39 | D:1      | Found a faded altar of an unknown god.
   279 | D:1      | Found Ipnuil's Assorted Antiques.
   296 | D:1      | Reached XP level 2. HP: 16/27 MP: 2/2
  1286 | D:2      | Reached skill level 1 in Dodging
  1286 | D:2      | Reached XP level 3. HP: 30/34 MP: 3/3
  1759 | D:3      | Reached XP level 4. HP: 33/42 MP: 3/3
  1767 | D:3      | Found a shimmering blue altar of Sif Muna.
  1775 | D:3      | Noticed Natasha
  1782 | D:3      | Reached skill level 3 in Axes
  1782 | D:3      | Killed Natasha
  1826 | D:3      | Noticed Natasha
  1835 | D:3      | Killed Natasha
  1850 | D:3      | Noticed Natasha
  1852 | D:3      | Killed Natasha
  1853 | D:3      | Reached XP level 5. HP: 39/49 MP: 4/4
  2096 | D:3      | Found a sacrificial altar of Ru.
  2096 | D:3      | Found a hazy altar of Hepliaklqana.
  2177 | D:3      | Reached skill level 5 in Armour
  2183 | D:3      | Found an ornate altar of the Wu Jian Council.
  2285 | D:4      | Noticed an ogre
  2286 | D:4      | Noticed an ogre
  2290 | D:4      | Killed an ogre
  2291 | D:4      | Reached skill level 4 in Axes
  2291 | D:4      | Reached XP level 6. HP: 53/56 MP: 5/5
  2587 | D:4      | Reached XP level 7. HP: 47/63 MP: 6/6
  2765 | D:5      | Entered Level 5 of the Dungeon
  2768 | D:5      | Noticed Ijyb
  2783 | D:4      | Reached skill level 5 in Axes
  2809 | D:5      | Killed Ijyb
  2995 | D:5      | Noticed a hornet
  3002 | D:5      | Paralysed by a hornet for 1 turns
  3019 | D:5      | Killed a hornet
  3020 | D:5      | Reached XP level 8. HP: 71/73 MP: 5/5
  3049 | D:5      | Reached skill level 6 in Axes
  3067 | D:5      | Noticed Duvessa
  3067 | D:5      | Noticed Dowan
  3077 | D:5      | Killed Duvessa
  3093 | D:5      | Killed Dowan
  3143 | D:5      | Noticed Blork the orc
  3156 | D:5      | Killed Blork the orc
  3164 | D:5      | Reached skill level 5 in Shields
  3360 | D:6      | Reached skill level 7 in Axes
  3480 | D:1      | Bought a large coral ring for 130 gold pieces
  3480 | D:1      | Bought a fizzy inky potion for 23 gold pieces
  3629 | D:6      | Reached skill level 5 in Fighting
  3679 | D:6      | Found a staircase to the Ecumenical Temple.
  3885 | D:6      | Reached skill level 5 in Dodging
  4121 | D:6      | Found a burning altar of Makhleb.
  4219 | D:7      | Gained mutation: You passively map the area around you.
                  | [Deep Dwarf growth]
  4219 | D:7      | Reached XP level 9. HP: 54/81 MP: 5/5
  4332 | D:7      | Paralysed by a hornet for 3 turns
  4342 | D:7      | Reached skill level 8 in Axes
  4357 | D:7      | Noticed a gargoyle
  4377 | D:7      | Killed a gargoyle
  4439 | D:7      | Identified the Reference Book on Captivating Earth
  4638 | D:7      | Found a runed translucent door.
  4639 | D:7      | Noticed Crazy Yiuf
  4830 | D:7      | Killed Crazy Yiuf
  4859 | D:8      | Found Akeudd's Distillery.
  4865 | D:8      | Bought a potion of berserk rage for 50 gold pieces
  4865 | D:8      | Bought a potion of heal wounds for 50 gold pieces
  4865 | D:8      | Bought a potion of lignification for 30 gold pieces
  4880 | D:8      | Found a sand-covered staircase.
  4885 | Ossuary  | Entered an ossuary
  5010 | Ossuary  | Reached skill level 9 in Axes
  5249 | D:8      | Noticed Joseph
  5250 | D:8      | Found a staircase to the Lair.
  5250 | D:8      | Noticed a komodo dragon
  5259 | D:8      | Reached XP level 10. HP: 47/91 MP: 1/1
  5264 | D:8      | Killed Joseph
  5279 | D:8      | Slain by an orc warrior

Illustrated notes

Levels and vault maps discovered:
D:1:      pf_arrival_petrified_forest, layout_basic,
          hellmonk_ecumenical_altar_crossroads, serial_shops,
          nicolae_shop_temple_entry_statues_fountains
D:2:      layout_loops_ring, st_stairs_14
D:3:      layout_rooms, marbit_many_paths, gammafunk_temple_overflow_statue,
          nicolae_sif_muna_condensation, uniq_natasha
D:4:      layout_basic
D:5:      layout_rooms, uniq_duvessa, uniq_ijyb, uniq_blork_the_orc
D:6:      layout_loops_ring, lightli_temple_of_fire,
          minmay_temple_entry_steel_oval
D:7:      layout_rooms, serial_corexii_hall, corexii_hall_statues_l,
          chequers_hall_statues_corner_a, minmay_circle_x,
          uniq_crazy_yiuf_cottage
D:8:      layout_loops_ring, old_standard_altar, erik_lair_orcish_takeover,
          enter_ossuary_5, serial_shops, kennysheep_mini_moat, shop, shop,
          shop_coins, minmay_misc_feat_more_columns, uniq_joseph

Skill      XL: |  1  2  3  4  5  6  7  8  9 |
---------------+----------------------------+-----
Fighting       | 3 4 5 6 |  6.4
Dodging        | 1 2 3 5 6 |  6.3
Armour         | 4 5 6 7 8 |  8.5
Axes           | 3 4 5 7 9 |  9.5
Shields        | 4 5 |  5.9
Evocations     | |  0.1

Action                   |  1- 3 |  4- 6 |  7- 9 | 10-12 || total
-------------------------+-------+-------+-------+-------++-------
Melee: War axe           |    73 |   138 |   257 |       ||   468
       Battleaxe         |       |       |   116 |    10 ||   126
 Abil: Heal Wounds       |     3 |     1 |    25 |       ||    29
Evoke: Wand              |       |       |     1 |       ||     1
  Use: Scroll            |     2 |       |     5 |     1 ||     8
       Potion            |     1 |     1 |     2 |     6 ||    10
Armor: Scale mail        |    43 |    35 |   150 |     7 ||   235
Dodge: Dodged            |    37 |    73 |   287 |    19 ||   416
Block: Kite shield       |    58 |    75 |   161 |       ||   294

Table legend: (Time is in decaauts)
 A = Elapsed time spent in this place.
 B = Non-inter-level travel time spent in this place.
 C = Inter-level travel time spent in this place.
 D = Time resting spent in this place.
 E = Time spent auto-exploring this place.
 F = Levels seen in this place.
 G = Mean time per level.
                   A        B        C        D        E       F      G
               +--------+--------+--------+--------+--------+-----+--------+
         Total |   5595 |   5186 |    409 |    100 |   3603 |   9 |  621.7 |
       Dungeon |   5260 |   4851 |    409 |    100 |   3429 |   8 |  657.5 |
       Ossuary |    334 |    334 |      0 |      0 |    174 |   1 |  334.0 |
               +--------+--------+--------+--------+--------+-----+--------+

Top non-repeatable levels by time:
     D:1: 1164 daAuts
     D:6: 832 daAuts
     D:7: 688 daAuts
     D:2: 687 daAuts
     D:4: 627 daAuts
     D:3: 601 daAuts
     D:5: 511 daAuts
 Ossuary: 334 daAuts
     D:8: 147 daAuts
